 Dungeon Crawl Stone Soup version 0.31-a0-1309-gbf3fed316f (webtiles) character file.

Game seed: 13229864465108732734

1535389 Ge0ff the Vampire of Death (level 27, 214/214 HPs)
             Began as a Vampire Air Elementalist on Dec 19, 2023.
             Was the Champion of Vehumet.
             Escaped with the Orb
             ... and 3 runes on Dec 20, 2023!
             The game lasted 03:08:46 (86207 turns).

Ge0ff the Vampire of Death (VpAE)                  Turns: 86207, Time: 03:08:47

Health: 214/214    AC: 11    Str: 10    XL:     27
Magic:  44/44      EV: 13    Int: 34    God:    Vehumet [******]
Gold:   337        SH: 15    Dex: 14    Spells: 14/60 levels left

rFire   + + +        a - staff of air
rCold   + . .        L - +5 kite shield {reflect}
rNeg    + + +        G - +0 leather armour of the Eternal Void {+Inv Will+ Int+2}
rPois   +            (helmet restricted)
rElec   +            A - +2 ratskin cloak {*Rats rPois rN+ Str-1 Int-1 Dex+1}
rCorr   +            Q - +3 pair of gauntlets of War {Slay+5}
SInv    +            p - +0 pair of boots of Ruprohes {Int+5}
Will    ++++.        k - amulet of Vitality {RegenMP++ Regen++}
Stlth   ++           w - ring "Quodak" {^Drain rF+ rN++ rCorr Dex+2, =R}
HPRegen 2.35/turn    Y - ring "Koenal" {Wiz rF++ rC+ Will+ Dex-5}
MPRegen 1.09/turn

%: reflection, wizardry (x1)
@: healing quickly, studying Ranged Weapons
A: alive, fangs 3, see invisible, vampiric 2, horns 1, deformed body, passive
freeze, strong 1, MP-powered wands, sturdy frame 1
0: Orb of Zot
}: 3/15 runes: decaying, serpentine, silver
a: Exsanguinate, Renounce Religion, Evoke Invisibility


You escaped.
You worshipped Vehumet.
Vehumet was exalted by your worship.
You visited 11 branches of the dungeon, and saw 51 of its levels.
You also visited: Bailey and Gauntlet.

You collected 12471 gold pieces.
You spent 12134 gold pieces at shops.

Inventory:

Missiles
 t - 4 silver javelins
 v - 18 curare-tipped darts {=F}
 D - 13 javelins
Armour
 g - the +1 helmet of Hospitality {Int+4}
   (You found it on level 3 of the Snake Pit)

   Int+4:     It affects your intelligence (+4).
 h - the +0 kite shield of Hide-and-Seek {Rampage Int+4 Dex+3}
   (You took it off Asterion on level 4 of the Snake Pit)

   Int+4:     It affects your intelligence (+4).
   Dex+3:     It affects your dexterity (+3).
   Rampage:   It bestows one free step when moving towards enemies.
 p - the +0 pair of boots of Ruprohes (worn) {Int+5}
   (You acquired it on level 4 of the Depths)

   Int+5:     It affects your intelligence (+5).
 x - a +3 troll leather armour {Snorg}
 A - the +2 ratskin cloak (worn) {*Rats rPois rN+ Str-1 Int-1 Dex+1}
   (You found it on level 2 of the Lair of Beasts)

   *Rats:     When the wearer is hurt, rats may emerge from it to assist them.
   Str-1:     It affects your strength (-1).
   Int-1:     It affects your intelligence (-1).
   Dex+1:     It affects your dexterity (+1).
   rPois:     It protects you from poison rN+: It protects you from negative
   energy.
 G - the +0 leather armour of the Eternal Void (worn) {+Inv Will+ Int+2}
   (You bought it in a shop on level 2 of the Elven Halls)

   Int+2:     It affects your intelligence (+2).
   Will+:     It increases your willpower.
   +Inv:      It lets you turn invisible.
 L - a +5 kite shield of reflection (worn)
 Q - the +3 pair of gauntlets of War (worn) {Slay+5}
   (You bought it in a shop on level 2 of the Orcish Mines)

   Slay+5:    It affects your accuracy & damage with ranged weapons and melee
   (+5).
Magical Staves
 a - a staff of air (weapon)
 b - the staff of the Known World {rPois rC+ rN+ Earth Poison}
   (You found it on level 3 of the Elven Halls)

   [staff of poison]

   Base accuracy: +5 Base damage: 5 Base attack delay: 1.2 This weapon's minimum
   attack delay (0.6) is reached at skill level 12.
   rC+:       It protects you from cold.
   rPois:     It protects you from poison rN+: It protects you from negative
   energy.
   Earth:     It increases the power of your Earth spells.
   Poison:    It increases the power of your Poison spells.
   It falls into the 'Staves' category.
   It is a one-handed weapon.
 Z - a staff of conjuration
Jewellery
 i - the ring "Eppohoz" {rElec rF+ rC+}
   (You bought it in a shop on level 2 of the Orcish Mines)

   [ring of protection from fire]

   rF+:       It protects you from fire.
   rC+:       It protects you from cold.
   rElec:     It insulates you from electricity.
 k - the amulet of Vitality (around neck) {RegenMP++ Regen++}
   (You found it in a Gauntlet)

   [amulet of magic regeneration]

   RegenMP:   It increases your rate of magic regeneration.
   Regen++:   It increases your rate of health regeneration.
 w - the ring "Quodak" (left hand) {^Drain rF+ rN++ rCorr Dex+2, =R}
   (You found it in a Gauntlet)

   [ring of protection from fire]

   Dex+2:     It affects your dexterity (+2).
   rF+:       It protects you from fire.
   rN++:      It greatly protects you from negative energy.
   rCorr:     It protects you from acid and corrosion.
   ^Drain:    It drains your maximum health when unequipped.
 Y - the ring "Koenal" (right hand) {Wiz rF++ rC+ Will+ Dex-5}
   (You found it on level 1 of the Snake Pit)

   [ring of wizardry]

   Wiz:       It improves your spell success rate.
   Dex-5:     It affects your dexterity (-5).
   rF++:      It greatly protects you from fire.
   rC+:       It protects you from cold.
   Will+:     It increases your willpower.
Wands
 d - a wand of digging (21)
 e - a wand of charming (46)
 f - a wand of flame (87)
 j - a wand of acid (41)
 r - a wand of roots (54)
 s - a wand of mindburst (35)
 P - a wand of polymorph (25)
Scrolls
 y - 17 scrolls of immolation
 B - 9 scrolls of blinking
 C - 7 scrolls of poison
 E - 9 scrolls of fear
 F - 10 scrolls of fog
 J - a scroll of silence {!r}
 S - 4 scrolls of butterflies
 T - 30 scrolls of teleportation
 V - 14 scrolls of vulnerability
Potions
 o - 3 potions of ambrosia
 q - 25 potions of curing
 u - 10 potions of mutation {!q}
 z - 2 potions of brilliance
 H - 10 potions of haste {!q}
 I - 2 potions of invisibility
 K - 5 potions of magic {!q}
 M - 13 potions of might
 N - 9 potions of cancellation {!q}
 R - 6 potions of resistance
 W - 12 potions of heal wounds {!q}
 X - 12 potions of enlightenment
Miscellaneous
 c - a condenser vane
 l - a lightning rod (4/4)
 n - a phial of floods
 O - a box of beasts
 U - a phantom mirror


   Skills:
 - Level 17.0 Fighting
 - Level 6.0 Throwing
 - Level 7.0 Armour
 + Level 8.0 Dodging
 + Level 9.9 Stealth
 + Level 7.4 Shields
 - Level 17.0 Spellcasting
 - Level 10.0 Conjurations
 - Level 4.0 Summonings
 O Level 27 Necromancy
 - Level 7.0 Translocations
 - Level 10.0 Transmutations
 - Level 15.0 Fire Magic
 - Level 20.0 Air Magic
 - Level 7.0 Earth Magic
 - Level 5.0 Poison Magic
 + Level 7.0 Evocations


You had 14 spell levels left.
You knew the following spells:

 Your Spells              Type           Power      Damage    Failure   Level
a - Sublimation of Blood  Necr           100%       N/A       0%          2
d - Iskenderun's Mystic   Conj/Tloc      72%        2d15      1%          4
g - Apportation           Tloc           100%       N/A       1%          1
h - Lee's Rapid Deconstr  Erth           33%        3d17*     1%          5
j - Airstrike             Air            64%        2d(10-26) 0%          4
m - Plasma Beam           Fire/Air       61%        2x1d77    1%          6
n - Dispel Undead         Necr           100%       3d31      0%          4
s - Arcjolt               Conj/Air       57%        1d67      1%          5
w - Passwall              Tmut/Erth      60%        N/A       1%          2
x - Maxwell's Capacitive  Air            64%        ∞         1%          8
E - Irradiate             Conj/Tmut      38%        3d24      1%          5

Your spell library contained the following spells:

 Spells                   Type           Power      Damage    Failure   Level
 Fire Storm               Conj/Fire      42%        8d11      88%         9
 Kiss of Death            Conj/Necr      100%       2d13      0%          1
 Necrotise                Necr           100%       1d9       0%          1
 Shock                    Conj/Air       100%       1d9       0%          1
 Cigotuvi's Dreadful Rot  Necr/Pois/Air  100%       N/A       0%          2
 Scorch                   Fire           100%       2d9       0%          2
 Static Discharge         Conj/Air       100%       3-8/arc   0%          2
 Swiftness                Air            100%       N/A       0%          3
 Vampiric Draining        Necr           100%       2d13      0%          3
 Animate Dead             Necr           100%       N/A       0%          4
 Agony                    Necr           100%       N/A       0%          5
 Death Channel            Necr           59%        N/A       0%          6
 Freeze                   Ice            100%       1d10      1%          1
 Magic Dart               Conj           100%       1d8       1%          1
 Slow                     Hex            100%       N/A       1%          1
 Summon Small Mammal      Summ           100%       N/A       1%          1
 Call Imp                 Summ           100%       N/A       1%          2
 Lesser Beckoning         Tloc           100%       N/A       1%          2
 Momentum Strike          Conj/Tloc      100%       3d10      1%          2
 Poisonous Vapours        Pois/Air       100%       N/A       1%          2
 Searing Ray              Conj           100%       2d8       1%          2
 Wereblood                Tmut           77%        N/A       1%          2
 Call Canine Familiar     Summ           54%        N/A       1%          3
 Dazzling Flash           Conj/Hex       100%       N/A       1%          3
 Frozen Ramparts          Ice            56%        1d9       1%          3
 Gell's Gravitas          Tloc           66%        N/A       1%          3
 Hailstorm                Conj/Ice       58%        3d11      1%          3
 Ignite Poison            Fire/Tmut/Pois 77%        N/A       1%          3
 Inner Flame              Hex/Fire       68%        N/A       1%          3
 Mephitic Cloud           Conj/Pois/Air  100%       N/A       1%          3
 Stone Arrow              Conj/Erth      100%       3d13      1%          3
 Teleport Other           Tloc           66%        N/A       1%          3
 Volatile Blastmotes      Fire/Tloc      100%       2d18      1%          3
 Anguish                  Hex/Necr       44%        N/A       1%          4
 Animate Armour           Summ/Erth      100%       N/A       1%          4
 Flame Wave               Conj/Fire      85%        2d18      1%          4
 Fulminant Prism          Conj/Hex       29%        3d14      1%          4
 Leda's Liquefaction      Tmut/Erth      36%        N/A       1%          4
 Manifold Assault         Tloc           66%        N/A       1%          4
 Petrify                  Tmut/Erth      72%        N/A       1%          4
 Sticky Flame             Conj/Fire      85%        2d10      1%          4
 Summon Lightning Spire   Summ/Air       100%       N/A       1%          4
 Vhi's Electric Charge    Tloc/Air       100%       N/A       1%          4
 Borgnjor's Vile Clutch   Necr/Erth      48%        N/A       1%          5
 Fireball                 Conj/Fire      42%        3d17      1%          5
 Iskenderun's Battlesphe  Conj           77%        2d13      1%          5
 Silence                  Hex/Air        49%        N/A       1%          5
 Yara's Violent Unravell  Hex/Tmut       29%        3d12      1%          5
 Simulacrum               Ice/Necr       44%        N/A       1%          6
 Starburst                Conj/Fire      42%        6d12      1%          6
 Ensorcelled Hibernation  Hex/Ice        56%        N/A       2%          2
 Jinxbite                 Hex            56%        N/A       2%          2
 Summon Guardian Golem    Hex/Summ       42%        N/A       2%          3
 Alistair's Intoxication  Tmut/Pois      45%        N/A       2%          5
 Bombard                  Conj/Erth      36%        9d6       2%          6
 Haunt                    Necr/Summ      47%        N/A       2%          7
 Eringya's Noxious Bog    Tmut/Pois      34%        4d6       3%          6
 Dimensional Bullseye     Hex/Tloc       25%        N/A       4%          4
 Confusing Touch          Hex            28%        N/A       6%          3
 Ozocubu's Armour         Ice            28%        N/A       6%          3
 Sigil of Binding         Hex            28%        N/A       6%          3
 Summon Forest            Summ/Tloc      30%        N/A       6%          5
 Orb of Destruction       Conj           38%        9d11      7%          7
 Ignition                 Fire           46%        3d13      7%          8
 Summon Ice Beast         Ice/Summ       42%        N/A       9%          4
 Dispersal                Tloc           33%        N/A       16%         6
 Spellforged Servitor     Conj/Summ      33%        N/A       21%         7
 Summon Mana Viper        Hex/Summ       42%        N/A       22%         5
 Metabolic Englaciation   Hex/Ice        14%        N/A       45%         5
 Summon Cactus Giant      Summ           27%        N/A       45%         6
 Lehudib's Crystal Spear  Conj/Erth      36%        10d9      58%         8
 Ozocubu's Refrigeration  Ice            14%        4d10      94%         7
 Monstrous Menagerie      Summ           27%        N/A       95%         7
 Summon Hydra             Summ           27%        N/A       95%         7
 Polar Vortex             Ice            14%        12d1*     99%         9
 Borgnjor's Revivificati  Necr           Unusable   N/A       N/A         8
 Death's Door             Necr           Unusable   N/A       N/A         9

Dungeon Overview and Level Annotations

Branches:
Dungeon (15/15)            Temple (1/1) D:4            Lair (5/5) D:9
  Swamp (4/4) Lair:2        Snake (4/4) Lair:3        Slime (0/5) Lair:4
    Orc (2/2) D:9             Elf (3/3) Orc:2        Vaults (5/5) D:13
  Crypt (3/3) Vaults:3       Tomb (0/3) Crypt:3      Depths (4/4) D:15
    Zot (5/5) Depths:4     Bailey (visited)         Gauntlet (visited)

Altars:
Ashenzari
Cheibriados
Dithmenos
Fedhas
Gozag
Hepliaklqana
Kikubaaqudgha
Makhleb
Nemelex Xobeh
Okawaru
Qazlal
Ru
Sif Muna
Trog
Uskayaw
Vehumet
Wu Jian
Xom
Yredelemnul
Jiyva

Shops:
D:4 *   D:12 (   Orc:2 =?[*?!   Elf:2 *(   Snake:1 [   Vaults:1 *
Vaults:2 (*?[*   Vaults:4 (*   Vaults:5 ????!!!   Depths:1 *   Depths:4 ?

Portals:
Hell: Depths:1 Depths:2 Depths:3 Depths:4
Abyss: Depths:3 Depths:4
Pandemonium: Depths:2
Ziggurat: Depths:4

Annotations:
Zot:5 36 runed doors


Innate Abilities, Weirdness & Mutations

Your natural rate of healing is accelerated.
You have razor-sharp teeth.
You have supernaturally acute eyesight. (SInv)
You are afflicted with vampirism and can become a bat while bloodless.
You have a pair of small horns on your head.
Armour fits poorly on your strangely shaped body.
A frigid envelope surrounds you and freezes all who hurt you.
Your muscles are strong. (Str +4, Int/Dex -1)
You expend magic power (3 MP) to strengthen your wands.
Your movements are slightly less encumbered by armour. (ER -2)


Message History

There is a stone staircase leading up here.
You block the reaper's attack.
You climb upwards.
There is a stone staircase leading down here.
There is a stone staircase leading up here.
You climb upwards.
There is a stone staircase leading down here.
There is a stone staircase leading up here.
You climb upwards.
There is a stone staircase leading down here.
You see here a +0 shortbow.
You open the door.
There is an open door here.
There is a stone staircase leading up here.
You climb upwards.
There is a stone staircase leading down here.
There is a stone staircase leading up here.
You climb upwards.
There is a stone staircase leading down here.
A reaper comes into view. It is wielding a +1 heavy scythe.
You feel a surge of power!
The bolt of lightning hits the reaper!
The reaper is lightly wounded.
The fiery plasma hits the reaper!!
The reaper is heavily wounded.
You feel a surge of power!
The bolt of lightning hits the reaper!!!
You kill the reaper!
Vehumet accepts your kill.
Your Dodging skill increases to level 8!
Magic restored.
You see here a +0 helmet.
There is a stone staircase leading up, spattered with blood here.
You climb upwards.
There is a stone staircase leading down here.
There is an escape hatch in the ceiling here.
A mysterious force pulls you upwards. The hatch slams shut behind you.
An Orb Guardian comes into view.
You feel a surge of power!
The bolt of lightning hits the Orb Guardian!!!
The Orb Guardian is severely wounded.
The fiery plasma misses the Orb Guardian.
You feel a surge of power!
The bolt of lightning hits the Orb Guardian!!!
You kill the Orb Guardian!
Vehumet accepts your kill.
You feel your power returning.
Magic restored.
There is a broken door here.
There is a staircase leading out of the dungeon here.
You have escaped!

.##########.....######...# ##.
................## ###.### #..
###.....#####....##### #...## #.#
....##.## #.........# ###..###.#
.###...# ##+##'##+## ##.##..# ##
#.### #.........# #.##.## # ##.#
#.#.....#.######..#.# #..#
####.#.....#.#...###...## ###.##
#..#....@....###......##. #...#
###.##############.........
#.#####...##......# ###..........
..#...............# #............
.##..###.###......###............
.###.....########..##............
.................................
#######...#########.#......).....
##..# #..............


There were no monsters in sight!

Vanquished Creatures
  A dread lich (Zot:5)
  A pandemonium lord (Depths:1)
  3 orbs of fire (Zot:5)
  Mara (D:15)
  Mennas (Crypt:1)
  2 juggernauts
  Xtahua (Vaults:2)
  A royal mummy (Crypt:3)
  5 Killer Klowns
  Boris (Vaults:2)
  Parghit (Zot:4)
  3 curse toes
  Margery (Vaults:5)
  Vashnia (Snake:2)
  14 golden dragons
  Nikola (Swamp:4)
  A bone dragon (Depths:4)
  A walking crystal tome (Depths:3)
  A hellephant (Vaults:5)
  2 electric golems (Zot:5)
  Zenata (Vaults:2)
  15 tentacled monstrosities
  4 liches
  28 Orb Guardians
  A walking earthen tome (Depths:3)
  7 titans
  3 deep elf blademasters
  10 sphinxes
  Asterion (Snake:4)
  2 deep elf master archers (Elf:3)
  6 quicksilver dragons
  An acid blob (Depths:4)
  A thorn hunter (Swamp:1)
  Kirke (D:11)
  5 death cobs
  11 tengu reavers
  2 Executioners
  The ghost of HourglassMan the Severer, an adept MiFi of Uskayaw (Snake:1)
  Agnes (D:15)
  3 azure jellies (Depths:4)
  5 ancient champions
  6 shadow dragons
  6 nagarajas
  13 frost giants
  11 fire giants
  11 storm dragons
  10 draconian shifters
  4 rockslimes (Depths:4)
  7 draconian monks
  2 fenstrider witches (Swamp:4)
  2 protean progenitors (Zot:4)
  2 revenants
  6 draconian scorchers
  7 deep elf sorcerers
  7 draconian knights
  3 ghost moths (Zot:4)
  20 vault wardens
  The ghost of farilari the Blinker, an adept SpHs of Jiyva (Elf:3)
  The ghost of leebro123 the Warrior, a journeyman DjFE of Makhleb (Orc:2)
  A deep elf elementalist (Elf:3)
  Louise (D:15)
  4 reapers
  A spriggan defender (Depths:4)
  2 draconian stormcallers
  2 curse skulls
  4 orc warlords
  8 ghouls
  18 ironbound preservers
  4 quicksilver oozes (Depths:4)
  17 very ugly things
  A cacodemon (Depths:2)
  6 ironbound thunderhulks
  23 stone giants
  3 war gargoyles (Vaults:5)
  9 deep elf demonologists
  2 formless jellyfish
  Nessos (Orc:2)
  8 draconian annihilators
  6 eleionomae
  7 vampire knights
  7 green draconians
  6 black draconians
  Azrael (D:15)
  11 purple draconians
  6 deep elf death magi
  2 minotaurs
  12 red draconians
  5 deep elf annihilators
  12 spark wasps
  8 white draconians
  5 bunyips
  21 dire elephants
  3 eidola
  14 yellow draconians
  9 ettins
  6 fire dragons
  Snorg (D:14)
  6 mummy priests (Crypt:3)
  3 entropy weavers
  13 jiangshi
  12 yaktaur captains
  4 deep elf high priests
  10 great orbs of eyes
  A hell beast (D:9)
  11 ice dragons
  A shambling mangrove (Swamp:4)
  4 spriggan air magi
  4 rakshasas
  36 vault guards
  28 hydras
  3 ghost crabs
  5 salamander tyrants
  4 ironbound frosthearts
  A fenstrider witch zombie (Crypt:2)
  2 catoblepae
  2 ogre magi (Vaults:5)
  7 alligators
  The ghost of Sadicadict the Cleaver, a novice HOFi of Uskayaw (D:9)
  17 centaur warriors
  11 boulder beetles
  12 anacondas
  29 dancing weapons
  8 deep troll shamans
  An azure jelly zombie (Crypt:3)
  3 death knights
  8 two-headed ogres
  A two-headed ogre (shapeshifter) (Vaults:5)
  4 hell hogs (Depths:1)
  10 tengu warriors
  6 deep troll earth magi
  13 naga warriors
  3 orc high priests
  10 death yaks
  3 occultists
  4 spriggan berserkers
  8 vampire magi
  22 naga sharpshooters
  16 spriggans
  Urug (Lair:5)
  5 soul eaters
  16 hell knights
  10 shock serpents
  18 deep elf knights
  24 skeletal warriors
  A skyshark (shapeshifter) (Vaults:5)
  3 sun demons
  Sonja (Orc:1)
  A skyshark (Lair:2)
  Amaemon (D:8)
  4 goliath frogs
  8 iron trolls
  2 salamander mystics
  3 shadow wraiths
  A death drake (Swamp:4)
  9 swamp dragons
  4 sea snakes (Snake:4)
  A bunyip skeleton (Crypt:1)
  5 glowing orange brains
  6 spriggan druids
  46 deep trolls
  4 flayed ghosts
  11 naga ritualists
  4 arcanists
  A harpy (shapeshifter) (Elf:3)
  10 phantasmal warriors
  7 deep elf archers
  17 bog bodies
  14 ironbound convokers
  Pikel (D:8)
  An iron giant skeleton (Crypt:2)
  6 orc knights
  14 lindwurms
  A golden dragon skeleton (Crypt:1)
  An orange crystal statue (Zot:5)
  A fenstrider witch simulacrum (Crypt:2)
  22 deep elf zephyrmancers
  8 necromancers
  32 ugly things
  2 will-o-the-wisps (Swamp:3)
  An eleionoma zombie (Crypt:3)
  12 mana vipers
  A shadow dragon skeleton (Crypt:2)
  A wolf spider (shapeshifter) (Vaults:5)
  A tengu skeleton (Vaults:4)
  8 orc sorcerers
  23 deep elf pyromancers
  2 wolf spiders
  10 cyclopes
  5 manticores
  A manticore (shapeshifter) (Vaults:5)
  2 shining eyes (Depths:4)
  19 salamanders
  2 dire elephant zombies
  15 moths of wrath
  Maurice (D:8)
  5 kobold blastminers
  A goliath frog skeleton (Crypt:3)
  20 elephants
  16 naga magi
  A stone giant skeleton (Vaults:4)
  8 guardian serpents
  21 vault sentinels
  2 water nymphs (Swamp:1)
  Joseph (D:8)
  2 rust devils
  4 centaur zombies (D:10)
  11 cane toads
  A water nymph (shapeshifter) (Depths:4)
  37 black mambas
  5 gargoyles
  An orange demon (D:8)
  3 smoke demons
  An eye of devastation (shapeshifter) (Vaults:5)
  2 unseen horrors (D:12)
  7 torpor snails
  A large abomination (D:12)
  A cane toad (shapeshifter) (Vaults:5)
  4 hellions
  An alligator snapping turtle skeleton (Crypt:2)
  8 komodo dragons
  2 rime drakes
  3 freezing wraiths
  2 kobold demonologists (D:9)
  32 yaktaurs
  29 guardian mummies (Crypt:3)
  4 tengu conjurers
  A troll (shapeshifter) (D:15)
  2 harpy zombies
  2 tarantellas
  13 trolls
  2 polar bears
  12 tyrant leeches
  25 hornets
  Prince Ribbit (D:8)
  4 bloated husks
  A radroach zombie (Crypt:1)
  3 dream sheep
  21 blink frogs
  A jumping spider zombie (Crypt:3)
  3 meliai zombies (D:10)
  42 slime creatures
  A guardian serpent skeleton (Crypt:1)
  A slime creature (shapeshifter) (Vaults:5)
  A centaur simulacrum (D:12)
  A spriggan (shapeshifter) (Vaults:2)
  19 flying skulls
  A shadow (D:10)
  5 air elementals
  15 humans
  7 fire elementals
  3 vampires
  4 wyverns
  8 basilisks
  6 water elementals
  61 yaks
  5 ushabtiu (Crypt:3)
  A warg (Orc:2)
  4 steam dragons
  4 golden eyes (Depths:4)
  18 wraiths
  A golden eye (shapeshifter) (D:11)
  4 hogs
  A human (shapeshifter) (D:12)
  4 redbacks
  10 vampire mosquitoes
  33 nagas
  7 acid dragons
  A deep troll zombie (Crypt:2)
  14 swamp worms
  2 water nymph skeletons (Crypt:3)
  16 water moccasins
  2 hell hounds (D:15)
  26 orc warriors
  A deep troll skeleton (Crypt:1)
  An ogre skeleton (Vaults:4)
  9 swamp drakes (Swamp:4)
  4 ice beasts
  4 black bears
  7 boggarts
  An elephant skeleton (Crypt:1)
  7 ogres
  22 wolves
  A tengu (shapeshifter) (D:14)
  13 centaurs
  2 manticore skeletons (Crypt:3)
  5 phantoms
  11 kobold brigands
  5 necrophages
  17 bullfrogs
  2 komodo dragon zombies (Crypt:3)
  2 gnoll sergeants
  A yaktaur skeleton (Crypt:2)
  3 earth elementals
  A komodo dragon skeleton (Crypt:2)
  3 scorpions
  An elf skeleton (Crypt:2)
  13 wights
  A warg skeleton (Crypt:2)
  14 killer bees (D:10)
  An electric eel (Lair:2)
  3 howler monkeys
  18 orc priests
  3 hounds
  2 jellies
  2 sleepcaps
  4 gnoll boudas
  An iguana (D:6)
  40 orc wizards
  A nameless horror (D:7)
  An ogre zombie (Crypt:1)
  A deep dwarf skeleton (Crypt:1)
  16 mummies (Crypt:3)
  21 gnolls
  12 adders
  A shadow imp (D:6)
  2 white imps (D:5)
  2 worms
  4 dart slugs
  82 orcs
  6 endoplasms
  9 giant cockroaches
  A gnoll zombie (Crypt:1)
  3 hobgoblins
  6 jackals
  12 kobolds
  3 quokkas
  6 ball pythons
  6 bats
  A frilled lizard (D:1)
  A gnoll skeleton (Crypt:2)
  10 goblins
  5 rats
  2 rat zombies (Crypt:2)
2400 creatures vanquished.

Vanquished Creatures (collateral kills)
  the Lernaean hydra (Swamp:4)
  A shadow dragon (Zot:3)
  A draconian shifter (Zot:3)
  An orc knight (Bailey)
  2 kobold demonologists (D:9)
  A rime drake (Lair:3)
  2 yaks (D:9)
  5 orc warriors
  4 kobold brigands
  An orc priest (D:9)
  An orc wizard (D:9)
  8 orcs
  2 goblins (D:7)
  5 kobolds
35 creatures vanquished.

Vanquished Creatures (others)
  A vault guard (D:13)
  An orc knight (Bailey)
  An ugly thing (D:14)
  3 humans (D:13)
  An orc (Bailey)
7 creatures vanquished.

Grand Total: 2442 creatures vanquished

Notes
Turn   | Place    | Note
-------+----------+-------------------------------------------
     0 | D:1      | Ge0ff the Vampire Air Elementalist began the quest for the
                  | Orb.
     0 | D:1      | Reached XP level 1. HP: 13/13 MP: 3/3
   392 | D:1      | Reached skill level 1 in Conjurations
   392 | D:1      | Reached XP level 2. HP: 20/20 MP: 0/5
   594 | D:1      | Reached skill level 1 in Fighting
   666 | D:1      | Learned a level 2 spell: Static Discharge
  1176 | D:1      | Gained mutation: You are afflicted with vampirism and can
                  | become a bat while bloodless. [Vampire growth]
  1176 | D:1      | Reached XP level 3. HP: 26/26 MP: 3/6
  2018 | D:2      | Found a faded altar of an unknown god.
  2284 | D:3      | Reached XP level 4. HP: 8/32 MP: 0/7
  2758 | D:3      | Noticed a gnoll sergeant
  2771 | D:3      | Killed a gnoll sergeant
  2772 | D:3      | Reached XP level 5. HP: 14/37 MP: 6/8
  3016 | D:3      | Reached skill level 5 in Air Magic
  3665 | D:4      | Reached XP level 6. HP: 37/43 MP: 7/9
  4530 | D:4      | Found Pihiker's CLEARANCE SALE!.
  4538 | D:4      | Bought a scroll of vulnerability for 16 gold pieces
  4775 | D:4      | Found a staircase to the Ecumenical Temple.
  4784 | Temple   | Entered the Ecumenical Temple
  4795 | Temple   | Became a worshipper of Vehumet
  4860 | D:5      | Entered Level 5 of the Dungeon
  4936 | D:5      | Reached XP level 7. HP: 45/48 MP: 9/11
  5468 | D:5      | Identified the +6 quarterstaff "Somm" {vamp, Int+2 Stlth+}
  5496 | D:5      | Reached XP level 8. HP: 54/54 MP: 8/12
  6020 | D:5      | Learned a level 4 spell: Airstrike
  6264 | D:6      | Reached skill level 5 in Conjurations
  7350 | D:6      | Found a shadowy altar of Dithmenos.
  7413 | D:7      | Reached * piety under Vehumet
  7413 | D:7      | Offered knowledge of Freeze by Vehumet.
  7528 | D:7      | Found a flagged portal.
  7542 | D:7      | Reached XP level 9. HP: 59/59 MP: 0/13
  7643 | D:7      | Reached skill level 10 in Air Magic
  7756 | Bailey   | Entered a bailey
  7924 | Bailey   | Learned a level 3 spell: Mephitic Cloud
  7945 | Bailey   | Reached skill level 1 in Poison Magic
  8017 | Bailey   | Reached XP level 10. HP: 77/77 MP: 15/19
  8047 | Bailey   | Noticed an orc knight
  8047 | Bailey   | Noticed an orc knight
  8048 | Bailey   | Noticed an orc knight
  8067 | Bailey   | Killed an orc knight
  8067 | Bailey   | Offered knowledge of Poisonous Vapours by Vehumet.
  8068 | Bailey   | Killed an orc knight
  8069 | Bailey   | Reached skill level 5 in Poison Magic
  8069 | Bailey   | Reached ** piety under Vehumet
  8076 | Bailey   | Learned a level 4 spell: Summon Lightning Spire
  8212 | Bailey   | Noticed an orc knight
  8223 | Bailey   | Killed an orc knight
  8362 | Bailey   | Acquired Plog's Anthology of Disjunct Trauma
  8370 | Bailey   | Learned a level 5 spell: Irradiate
  8376 | Bailey   | Learned a level 2 spell: Poisonous Vapours
  8605 | D:7      | Found a hide-covered altar of Uskayaw.
  8679 | D:7      | Reached skill level 1 in Transmutations
  9200 | D:7      | Offered knowledge of Hailstorm by Vehumet.
  9201 | D:7      | Reached XP level 11. HP: 84/84 MP: 17/21
  9643 | D:8      | Noticed Amaemon
  9700 | D:8      | Noticed Joseph
  9705 | D:8      | Killed Joseph
  9710 | D:8      | Identified the +0 scale mail "Datoqic" {rElec Slay+3}
  9827 | D:8      | Reached *** piety under Vehumet
  9828 | D:8      | Noticed Pikel
  9836 | D:8      | Killed Pikel
 10064 | D:8      | Noticed Prince Ribbit
 10077 | D:8      | Killed Prince Ribbit
 10288 | D:8      | Noticed Maurice
 10291 | D:8      | Killed Maurice
 10621 | D:8      | Killed Amaemon
 11006 | D:9      | Noticed Sadicadict's ghost (novice HOFi)
 11006 | D:9      | Found a runed translucent gate.
 11006 | D:9      | Found a runed translucent gate.
 11006 | D:9      | Found a runed translucent gate.
 11057 | D:9      | Reached skill level 5 in Transmutations
 11155 | D:9      | Noticed a sun demon
 11158 | D:9      | Offered knowledge of Frozen Ramparts by Vehumet.
 11211 | D:9      | Found a staircase to the Orcish Mines.
 11637 | D:9      | Reached **** piety under Vehumet
 11690 | D:9      | Offered knowledge of Yara's Violent Unravelling by Vehumet.
 11846 | D:9      | Found a staircase to the Lair.
 12311 | D:7      | Learned a level 5 spell: Arcjolt
 12377 | D:10     | Entered Level 10 of the Dungeon
 12544 | D:10     | Reached skill level 1 in Necromancy
 12823 | D:10     | Reached XP level 12. HP: 86/91 MP: 7/22
 13024 | D:10     | Noticed a two-headed ogre
 13028 | D:10     | Killed a two-headed ogre
 13029 | D:10     | Reached skill level 2 in Necromancy
 13321 | D:10     | Noticed a two-headed ogre
 13326 | D:10     | Killed a two-headed ogre
 13460 | D:10     | Reached skill level 3 in Necromancy
 13983 | D:10     | Reached ***** piety under Vehumet
 14117 | D:10     | Offered knowledge of Plasma Beam by Vehumet.
 15329 | D:10     | Identified the +10 orcbow "Caopla" {drain, Str+4 Int-4
                  | SInv}
 15486 | D:10     | Learned a level 6 spell: Plasma Beam
 15988 | D:10     | Reached skill level 1 in Fire Magic
 16179 | D:10     | Found a sparkling altar of Nemelex Xobeh.
 16390 | D:11     | Noticed a boulder beetle
 16406 | D:11     | Killed a boulder beetle
 16897 | D:11     | Reached XP level 13. HP: 94/96 MP: 5/26
 18282 | D:12     | Reached skill level 5 in Fire Magic
 20127 | D:12     | Noticed Kirke
 20257 | D:11     | Killed Kirke
 21812 | D:12     | Found Caonusub's Antique Weapon Emporium.
 21822 | D:12     | Bought a smoking short sword for 224 gold pieces
 21822 | D:12     | Identified the +4 short sword of the Smoking Mosquito
                  | {pain, rElec Str+3} (You bought it in a shop on level 12 of
                  | the Dungeon)
 21876 | D:12     | Got the Quarto of Burning and Frost
 22164 | D:12     | Reached skill level 1 in Shields
 22347 | D:12     | Offered knowledge of Olgreb's Toxic Radiance by Vehumet.
 22543 | D:12     | Reached XP level 14. HP: 104/104 MP: 16/27
 23202 | D:12     | Found Caonusub's Antique Weapon Emporium.
 23785 | D:9      | Killed Sadicadict's ghost
 23949 | Lair:1   | Entered Level 1 of the Lair of Beasts
 25542 | Lair:2   | Reached skill level 10 in Spellcasting
 25628 | Lair:2   | Reached skill level 10 in Fire Magic
 25716 | Lair:2   | Reached skill level 1 in Armour
 26428 | Lair:2   | Found the +2 ratskin cloak {*Rats rPois rN+ Str-1 Int-1
                  | Dex+1}
 26563 | Lair:2   | Found a staircase to the Swamp.
 28177 | Lair:3   | Found a staircase to the Snake Pit.
 28458 | Lair:3   | Offered knowledge of Lee's Rapid Deconstruction by Vehumet.
 28460 | Lair:3   | Reached XP level 15. HP: 110/110 MP: 11/29
 29420 | Lair:4   | Found a viscous altar of Jiyva.
 29421 | Lair:4   | Found a staircase to the Slime Pits.
 29978 | Lair:5   | Entered Level 5 of the Lair of Beasts
 29978 | Lair:5   | Noticed Urug
 29981 | Lair:5   | Killed Urug
 30453 | Lair:5   | Reached skill level 5 in Shields
 31669 | Lair:5   | Identified the serpent talisman of a treasure trove {rN+
                  | Dex+3}
 32646 | Orc:1    | Entered Level 1 of the Orcish Mines
 32657 | Orc:1    | Offered knowledge of Iskenderun's Battlesphere by Vehumet.
 32915 | Orc:1    | Noticed Sonja
 32916 | Orc:1    | Killed Sonja
 33701 | Orc:2    | Entered Level 2 of the Orcish Mines
 33819 | Orc:2    | Found Husson's Distillery.
 33829 | Orc:2    | Bought a potion of brilliance for 60 gold pieces
 33833 | Orc:2    | Found Sah Veesch's Magic Scroll Shop.
 33847 | Orc:2    | Bought a scroll of teleportation for 48 gold pieces
 33847 | Orc:2    | Bought a scroll of fog for 64 gold pieces
 33847 | Orc:2    | Bought a scroll of teleportation for 48 gold pieces
 33847 | Orc:2    | Bought a scroll of teleportation for 48 gold pieces
 33921 | Orc:2    | Noticed leebro123's ghost (journeyman DjFE)
 33932 | Orc:2    | Noticed Nessos
 33936 | Orc:2    | Killed Nessos
 33978 | Orc:2    | Found a staircase to the Elven Halls.
 34024 | Orc:2    | Found Jepnipsuwn's Jewellery Emporium.
 34200 | Orc:2    | Found a runed translucent gate.
 34200 | Orc:2    | Found a runed translucent gate.
 34200 | Orc:2    | Found a runed translucent gate.
 34637 | Orc:2    | Offered knowledge of Starburst by Vehumet.
 34754 | Orc:2    | Bought the ring "Eppohoz" {rElec rF+ rC+} for 736 gold
                  | pieces
 34963 | Orc:2    | Found Luryd's Antique Armour Shoppe.
 34963 | Orc:2    | Found Menoet's Distillery.
 34963 | Orc:2    | Found Pyivi's General Store.
 34969 | Orc:2    | Found Gusaazah's Magic Scroll Shoppe.
 34982 | Orc:2    | Bought a potion of heal wounds for 65 gold pieces
 34984 | Orc:2    | Bought a scroll of immolation for 60 gold pieces
 35397 | Orc:2    | Killed leebro123's ghost
 35625 | Orc:2    | Bought the +3 pair of gauntlets of War {Slay+5} for 1377
                  | gold pieces
 35625 | Orc:2    | Found the +3 pair of gauntlets of War {Slay+5}
 35884 | D:13     | Reached XP level 16. HP: 119/119 MP: 18/31
 35904 | D:13     | Found a gate leading to a gauntlet.
 35920 | Gauntlet | Entered a Gauntlet
 35920 | Gauntlet | Found a transporter.
 35923 | Gauntlet | Found a transporter.
 35943 | Gauntlet | Found a transporter.
 35944 | Gauntlet | Found a transporter.
 35945 | Gauntlet | Found a large runed translucent door.
 35946 | Gauntlet | Found a large runed translucent door.
 35947 | Gauntlet | Found a large runed translucent door.
 35947 | Gauntlet | Found a large runed translucent door.
 35947 | Gauntlet | Found a runed translucent door.
 35948 | Gauntlet | Found a large runed translucent door.
 35949 | Gauntlet | Found a large runed translucent door.
 35950 | Gauntlet | Found a large runed translucent door.
 35950 | Gauntlet | Found a large runed translucent door.
 35951 | Gauntlet | Found a runed translucent gate.
 35953 | Gauntlet | Found the amulet of Vitality {RegenMP++ Regen++}
 35959 | Gauntlet | Found a runed translucent gate.
 35959 | Gauntlet | Found a transporter.
 35960 | Gauntlet | Found a runed translucent gate.
 35960 | Gauntlet | Found a runed translucent door.
 35962 | Gauntlet | Found a large runed translucent door.
 35962 | Gauntlet | Found a large runed translucent door.
 35963 | Gauntlet | Found a large runed translucent door.
 35964 | Gauntlet | Found a large runed translucent door.
 35973 | Gauntlet | Found a large runed translucent door.
 35973 | Gauntlet | Found a large runed translucent door.
 35973 | Gauntlet | Found a transporter.
 35974 | Gauntlet | Found a large runed translucent door.
 35975 | Gauntlet | Found a large runed translucent door.
 35976 | Gauntlet | Found a transporter.
 35980 | Gauntlet | Found a transporter.
 36016 | Gauntlet | Found a transporter.
 36016 | Gauntlet | Found a transporter.
 36020 | Gauntlet | Found a runed translucent door.
 36024 | Gauntlet | Found a transporter.
 36031 | Gauntlet | Found a runed translucent door.
 36063 | Gauntlet | Found a transporter.
 36128 | Gauntlet | Reached skill level 5 in Armour
 36183 | Gauntlet | Identified the ring "Quodak" {^Drain rF+ rN++ rCorr Dex+2}
 36337 | Gauntlet | Identified the +2 longbow "Nioricri" {flame, rCorr Str+3
                  | Dex+3}
 36354 | Gauntlet | Identified the ring "Masirr" {Ice rElec rN+ Str+4}
 37207 | D:13     | Found a gate to the Vaults.
 37530 | D:13     | Learned a level 2 spell: Sublimation of Blood
 37720 | D:11     | Learned a level 4 spell: Dispel Undead
 38045 | D:14     | Reached skill level 4 in Necromancy
 38366 | D:14     | Found a bloodstained altar of Trog.
 38541 | D:14     | Reached ****** piety under Vehumet
 38909 | D:14     | Noticed Snorg
 38912 | D:14     | Killed Snorg
 39094 | D:14     | Found a bloodstained altar of Trog.
 39214 | D:15     | Entered Level 15 of the Dungeon
 39236 | D:15     | Noticed Agnes
 39240 | D:15     | Killed Agnes
 39266 | D:15     | Noticed Azrael
 39273 | D:15     | Killed Azrael
 39367 | D:15     | Noticed Louise
 39382 | D:15     | Killed Louise
 39383 | D:15     | Reached skill level 5 in Necromancy
 39421 | D:15     | Offered knowledge of Fireball by Vehumet.
 39479 | D:15     | Reached skill level 10 in Fighting
 39717 | Orc:2    | Bought a scroll of amnesia for 60 gold pieces
 39724 | Orc:2    | Learned a level 5 spell: Fireball
 39923 | D:15     | Found a burning altar of Makhleb.
 40258 | D:15     | Found a staircase to the Depths.
 40528 | D:15     | Found a burning altar of Makhleb.
 40938 | D:15     | Found a staircase to the Depths.
 41187 | Snake:1  | Entered Level 1 of the Snake Pit
 41435 | Snake:1  | Found a transporter.
 41446 | Snake:1  | Noticed HourglassMan's ghost (adept MiFi)
 41454 | Snake:1  | Found a transporter.
 41674 | Snake:1  | Reached XP level 17. HP: 128/128 MP: 27/32
 41911 | Snake:1  | Found Uxzoun's Armour Shop.
 42284 | Snake:1  | Offered knowledge of Ignition by Vehumet.
 42739 | Snake:1  | Killed HourglassMan's ghost
 42741 | Snake:1  | Identified the ring "Koenal" {Wiz rF++ rC+ Will+ Dex-5}
 42814 | Snake:2  | Noticed Vashnia
 42818 | Snake:2  | Killed Vashnia
 43072 | Snake:2  | Reached skill level 15 in Air Magic
 44079 | Snake:3  | Identified the +3 battleaxe of Bonketz {vamp, ^Fragile
                  | rElec rPois rF++}
 44315 | Snake:3  | Identified the +1 helmet of Hospitality {Int+4}
 44433 | Snake:3  | Identified the +1 falchion of the Bedazzling Gods {speed,
                  | Str+2}
 44982 | Snake:4  | Entered Level 4 of the Snake Pit
 45030 | Snake:4  | Identified the +0 kite shield of Hide-and-Seek {Rampage
                  | Int+4 Dex+3}
 45030 | Snake:4  | Noticed Asterion
 45033 | Snake:4  | Killed Asterion
 45244 | Snake:4  | Offered knowledge of Fire Storm by Vehumet.
 45244 | Snake:4  | Offered knowledge of Polar Vortex by Vehumet.
 45244 | Snake:4  | Offered knowledge of Maxwell's Capacitive Coupling by
                  | Vehumet.
 45376 | Snake:4  | Reached XP level 18. HP: 138/138 MP: 23/34
 45669 | Snake:4  | Reached skill level 10 in Conjurations
 46413 | Snake:4  | Got a serpentine rune of Zot
 47488 | Swamp:1  | Entered Level 1 of the Swamp
 47873 | Swamp:1  | Identified the +1 robe of the Dull God {Rampage}
 48120 | Swamp:1  | Identified the +9 rapier "Fynecsil" {flame, rF- rN+ Dex+2}
 49960 | Swamp:3  | Learned a level 8 spell: Maxwell's Capacitive Coupling
 50115 | Swamp:4  | Entered Level 4 of the Swamp
 50747 | Swamp:4  | Reached XP level 19. HP: 147/147 MP: 25/36
 51251 | Swamp:4  | Noticed Nikola
 51255 | Swamp:4  | Killed Nikola
 51652 | Swamp:4  | Noticed the 27-headed Lernaean hydra
 51700 | Swamp:4  | Killed the 27-headed Lernaean hydra
 52071 | Swamp:4  | Got a decaying rune of Zot
 52225 | Swamp:4  | Learned a level 1 spell: Apportation
 52456 | Elf:1    | Entered Level 1 of the Elven Halls
 52457 | Elf:1    | Paralysed by an air elemental for 1 turns
 53895 | Elf:2    | Paralysed by an air elemental for 1 turns
 54065 | Elf:2    | Found a runed translucent gate.
 54066 | Elf:2    | Found a runed translucent gate.
 54066 | Elf:2    | Found a runed translucent gate.
 54075 | Elf:2    | Found Ylyqeod's Antique Weapon Shop.
 54085 | Elf:2    | Found Faxiph's Assorted Antiques.
 54114 | Elf:2    | Bought a heavily runed leather armour for 154 gold pieces
 54114 | Elf:2    | Identified the +0 leather armour of the Eternal Void {+Inv
                  | Will+ Int+2} (You bought it in a shop on level 2 of the
                  | Elven Halls)
 54907 | Elf:2    | Reached XP level 20. HP: 158/158 MP: 17/37
 55108 | Elf:3    | Entered Level 3 of the Elven Halls
 55592 | Elf:3    | Noticed farilari's ghost (adept SpHs)
 55614 | Elf:3    | Found a runed translucent door.
 56027 | Elf:3    | Killed farilari's ghost
 56135 | Elf:2    | Learned a level 5 spell: Lee's Rapid Deconstruction
 56229 | Elf:3    | Reached skill level 10 in Transmutations
 56234 | Elf:3    | Reached skill level 1 in Earth Magic
 56240 | Elf:3    | Reached skill level 1 in Translocations
 56353 | Elf:3    | Identified the +9 hand axe of a bazaar {antimagic, rN+
                  | Stlth+}
 56355 | Elf:3    | Identified the ring "Xeq Ases" {Str+6 Int+3}
 56899 | Elf:3    | Identified the staff of the Known World {rPois rC+ rN+
                  | Earth Poison}
 57104 | Elf:3    | Got the Elucidation of Ensorcelling
 57507 | Vaults:1 | Entered Level 1 of the Vaults
 57552 | Vaults:1 | Reached skill level 15 in Fire Magic
 57874 | Vaults:1 | Acquired 422 gold pieces
 57875 | Vaults:1 | Acquired 990 gold pieces
 58206 | Elf:2    | Bought a scroll of acquirement for 1144 gold pieces
 58206 | Elf:2    | Bought a scroll of teleportation for 66 gold pieces
 58206 | Elf:2    | Bought a potion of curing for 66 gold pieces
 58206 | Elf:2    | Bought a wand of roots (4) for 211 gold pieces
 58206 | Elf:2    | Acquired 901 gold pieces
 58723 | Vaults:1 | Reached skill level 5 in Earth Magic
 58962 | Vaults:1 | Found Tewniogg's General Store.
 58970 | Vaults:1 | Bought a potion of haste for 120 gold pieces
 58970 | Vaults:1 | Bought a potion of curing for 36 gold pieces
 59063 | Vaults:1 | Identified the +5 scale mail of Deqeck {Dex+2}
 59497 | Vaults:2 | Reached XP level 21. HP: 166/166 MP: 14/38
 59633 | Vaults:2 | Found Ruqaugea's Weapon Shop.
 59785 | Vaults:2 | Identified the +0 robe "Ifoobb" {Fly rElec rN++ Will-}
 59798 | Vaults:2 | Noticed Zenata
 60005 | Vaults:2 | Killed Zenata
 60023 | Vaults:2 | Reached skill level 15 in Fighting
 60023 | Vaults:2 | Reached skill level 5 in Translocations
 60134 | Vaults:2 | Found a transporter.
 60134 | Vaults:2 | Found Ifoat's Assorted Antiques.
 60165 | Vaults:2 | Identified the +4 ring mail of Ifep {rElec rC+ Str+2 Dex-4}
 60223 | Vaults:2 | Noticed Boris
 60226 | Vaults:2 | Killed Boris
 60230 | Vaults:2 | Noticed Xtahua
 60234 | Vaults:2 | Killed Xtahua
 60273 | Vaults:2 | Found Yreuc's Magic Scroll Shoppe.
 60279 | Vaults:2 | Bought a scroll of blinking for 127 gold pieces
 60279 | Vaults:2 | Bought a scroll of blinking for 127 gold pieces
 60279 | Vaults:2 | Bought a scroll of teleportation for 51 gold pieces
 60279 | Vaults:2 | Bought a scroll of poison for 68 gold pieces
 60279 | Vaults:2 | Bought a scroll of immolation for 68 gold pieces
 60367 | Vaults:2 | Found Sopavvogont's General Store.
 60376 | Vaults:2 | Bought a wand of acid (5) for 336 gold pieces
 60400 | Vaults:2 | Found Gaohossa's Armour Boutique.
 60492 | Vaults:2 | Found a transporter.
 61004 | Vaults:2 | Bought a potion of enlightenment for 250 gold pieces
 61004 | Vaults:2 | Bought a scroll of blinking for 375 gold pieces
 61004 | Vaults:2 | Bought a scroll of vulnerability for 200 gold pieces
 61126 | Vaults:3 | You are sucked into a shaft and drop 1 floor!
 61197 | Vaults:4 | Reached skill level 1 in Throwing
 61470 | Vaults:3 | Found a staircase to the Crypt.
 61959 | Vaults:3 | Reached skill level 6 in Necromancy
 62748 | Vaults:4 | Found Quupuse's Assorted Antiques.
 62755 | Vaults:4 | Bought a fine scale mail for 378 gold pieces
 62755 | Vaults:4 | Identified the +3 scale mail of Micosouth {rPois} (You
                  | bought it in a shop on level 4 of the Vaults)
 62987 | Vaults:4 | Found Agaitae's Weapon Shoppe.
 63280 | Vaults:4 | Learned a level 4 spell: Iskenderun's Mystic Blast
 63510 | Vaults:4 | Reached skill level 7 in Necromancy
 63729 | Crypt:1  | Entered Level 1 of the Crypt
 63736 | Crypt:1  | Reached XP level 22. HP: 174/178 MP: 17/39
 64354 | Crypt:1  | Noticed Mennas
 64360 | Crypt:1  | Killed Mennas
 64361 | Crypt:1  | Reached skill level 8 in Necromancy
 65045 | Crypt:2  | Reached skill level 5 in Throwing
 65208 | Crypt:2  | Found a basalt altar of Yredelemnul.
 65367 | Crypt:1  | Found an ancient bone altar of Kikubaaqudgha.
 65916 | Crypt:3  | Entered Level 3 of the Crypt
 65986 | Crypt:3  | Reached skill level 9 in Necromancy
 66435 | Crypt:3  | Noticed a royal mummy
 67104 | Orc:2    | Bought a potion of cancellation for 120 gold pieces
 67104 | Orc:2    | Bought a wand of roots (4) for 144 gold pieces
 67104 | Orc:2    | Bought 3 scrolls of blinking for 337 gold pieces
 67754 | Crypt:3  | Killed a royal mummy
 67851 | Crypt:3  | Found a staircase to the Tomb.
 68009 | Crypt:3  | Found a staircase to the Tomb.
 68444 | Crypt:3  | Identified the ring of Cujud {Str+2 SInv}
 68494 | Crypt:3  | Found a basalt altar of Yredelemnul.
 68774 | Crypt:3  | Reached skill level 10 in Necromancy
 69412 | Depths:1 | Entered Level 1 of the Depths
 69418 | Depths:1 | Reached XP level 23. HP: 180/186 MP: 41/41
 69454 | Depths:1 | mkay
 69454 | Depths:1 | Acquired 518 gold pieces
 69455 | Depths:1 | Acquired 729 gold pieces
 69456 | Depths:1 | Acquired 760 gold pieces
 69488 | Depths:1 | Noticed Mara
 69491 | Depths:1 | Noticed Ge0ff's illusion
 69501 | Depths:1 | Noticed Ge0ff's illusion
 69566 | D:15     | Killed Mara
 69567 | D:15     | Reached skill level 11 in Necromancy
 69604 | Depths:1 | Reached skill level 15 in Spellcasting
 69725 | Depths:1 | Found the +8 storm bow {elec, penet}
 69739 | Depths:1 | Found a blossoming altar of Fedhas.
 69783 | Depths:1 | Noticed a juggernaut
 69787 | Depths:1 | Killed a juggernaut
 69792 | Depths:1 | Reached skill level 12 in Necromancy
 70122 | Depths:1 | Reached skill level 13 in Necromancy
 70143 | Depths:1 | Found a gateway to Hell.
 70195 | Depths:1 | Found Puiriuvo's Fire Supplies.
 70203 | Depths:1 | Bought a scroll of immolation for 72 gold pieces
 70203 | Depths:1 | Bought a scroll of immolation for 72 gold pieces
 70203 | Depths:1 | Bought a scroll of immolation for 72 gold pieces
 70746 | Depths:2 | Found a one-way gate leading to the halls of Pandemonium.
 70749 | Depths:2 | Reached skill level 14 in Necromancy
 71355 | Depths:3 | Reached skill level 15 in Necromancy
 71611 | Depths:3 | Found a one-way gate to the infinite horrors of the Abyss.
 71755 | Depths:3 | Reached XP level 24. HP: 180/195 MP: 37/43
 71847 | Depths:3 | Reached skill level 16 in Necromancy
 71890 | Depths:3 | Noticed a juggernaut
 71896 | Depths:3 | Killed a juggernaut
 72451 | Depths:4 | Entered Level 4 of the Depths
 72512 | Depths:4 | Reached skill level 17 in Necromancy
 72843 | Depths:4 | Reached skill level 18 in Necromancy
 72856 | Depths:4 | Found a gate to the Realm of Zot.
 72914 | Depths:4 | Found a one-way gateway to a ziggurat.
 73066 | Depths:4 | Found a viscous altar of Jiyva.
 73626 | Depths:4 | Found Mef Zuaz's Magic Scroll Shoppe.
 73635 | Depths:4 | Bought a scroll of acquirement for 936 gold pieces
 73635 | Depths:4 | Bought a scroll of blinking for 135 gold pieces
 73635 | Depths:4 | Bought a scroll of immolation for 72 gold pieces
 73635 | Depths:4 | Bought a scroll of fog for 72 gold pieces
 73635 | Depths:4 | Bought a scroll of fog for 72 gold pieces
 73641 | Depths:4 | Acquired the +0 pair of boots of Ruprohes {Int+5}
 74333 | Vaults:5 | Entered Level 5 of the Vaults
 74377 | Vaults:5 | Reached skill level 19 in Necromancy
 74524 | Vaults:5 | Noticed Margery
 74529 | Vaults:5 | Killed Margery
 74658 | Vaults:5 | Reached skill level 20 in Necromancy
 74695 | Vaults:5 | Reached XP level 25. HP: 157/201 MP: 37/44
 75714 | Vaults:5 | Reached skill level 21 in Necromancy
 76127 | Vaults:5 | Reached skill level 22 in Necromancy
 76169 | Vaults:5 | Found Tiugahock's Magic Scroll Boutique.
 76169 | Vaults:5 | Found Cosoud's Magic Scroll Shoppe.
 76174 | Vaults:5 | Bought a scroll of revelation for 135 gold pieces
 76181 | Vaults:5 | Bought a scroll of revelation for 112 gold pieces
 76274 | Vaults:5 | Got a silver rune of Zot
 76422 | Vaults:5 | Got A Primer on Sorcery
 76425 | Vaults:5 | Acquired 556 gold pieces
 76781 | Vaults:5 | Found Yhizxo Dacich's Distillery.
 76784 | Vaults:5 | Found Monwuxt's Distillery.
 76819 | Vaults:5 | Found Fukhimm's Distillery.
 76831 | Vaults:5 | Found Lyjum's Magic Scroll Shop.
 76845 | Vaults:5 | Found Wown's Magic Scroll Shoppe.
 76861 | Vaults:5 | Bought 2 potions of haste for 360 gold pieces
 76861 | Vaults:5 | Bought a potion of heal wounds for 90 gold pieces
 76861 | Vaults:5 | Bought a potion of cancellation for 144 gold pieces
 76868 | Vaults:5 | Bought a potion of heal wounds for 90 gold pieces
 76868 | Vaults:5 | Bought a potion of heal wounds for 90 gold pieces
 76868 | Vaults:5 | Bought a potion of haste for 180 gold pieces
 77281 | Orc:2    | Bought a potion of curing for 39 gold pieces
 77281 | Orc:2    | Bought a potion of brilliance for 52 gold pieces
 77281 | Orc:2    | Bought a potion of curing for 39 gold pieces
 77281 | Orc:2    | Bought a potion of enlightenment for 65 gold pieces
 77281 | Orc:2    | Bought a potion of haste for 130 gold pieces
 77281 | Orc:2    | Bought a potion of curing for 39 gold pieces
 77384 | Orc:2    | Bought a potion of cancellation for 120 gold pieces
 77384 | Orc:2    | Bought a potion of curing for 45 gold pieces
 77384 | Orc:2    | Bought a potion of haste for 150 gold pieces
 77384 | Orc:2    | Bought a potion of curing for 45 gold pieces
 77384 | Orc:2    | Bought a potion of mutation for 120 gold pieces
 77384 | Orc:2    | Bought a potion of curing for 45 gold pieces
 77384 | Orc:2    | Bought a potion of curing for 45 gold pieces
 77487 | Orc:2    | Bought a scroll of teleportation for 45 gold pieces
 77487 | Orc:2    | Bought a scroll of blinking for 112 gold pieces
 77487 | Orc:2    | Bought a scroll of teleportation for 45 gold pieces
 77894 | Vaults:5 | Bought a scroll of fear for 96 gold pieces
 77894 | Vaults:5 | Bought a scroll of immolation for 96 gold pieces
 77908 | Vaults:5 | Bought a scroll of immolation for 60 gold pieces
 77908 | Vaults:5 | Bought 3 scrolls of vulnerability for 180 gold pieces
 77908 | Vaults:5 | Bought a scroll of teleportation for 45 gold pieces
 77908 | Vaults:5 | Bought 2 scrolls of immolation for 120 gold pieces
 77908 | Vaults:5 | Bought a scroll of teleportation for 45 gold pieces
 77908 | Vaults:5 | Bought a scroll of teleportation for 45 gold pieces
 77908 | Vaults:5 | Bought a scroll of teleportation for 45 gold pieces
 77926 | Vaults:5 | Bought a potion of enlightenment for 90 gold pieces
 77926 | Vaults:5 | Bought a potion of curing for 54 gold pieces
 77926 | Vaults:5 | Bought a potion of resistance for 180 gold pieces
 77926 | Vaults:5 | Bought a potion of curing for 54 gold pieces
 78388 | Zot:1    | Entered Level 1 of the Realm of Zot
 78441 | Zot:1    | Learned a level 2 spell: Passwall
 78690 | Zot:3    | Reached skill level 23 in Necromancy
 79189 | Zot:3    | Identified the +2 robe "Siempox" {Str+4}
 79347 | Zot:3    | Reached skill level 24 in Necromancy
 80269 | Zot:4    | Noticed Parghit
 80273 | Zot:4    | Reached XP level 26. HP: 181/208 MP: 33/44
 80293 | Zot:4    | Killed Parghit
 80295 | Zot:4    | Reached skill level 25 in Necromancy
 82329 | Zot:5    | Entered Level 5 of the Realm of Zot
 82361 | Zot:5    | Reached skill level 26 in Necromancy
 82538 | Zot:5    | Found a huge runed gate.
 82538 | Zot:5    | Found a huge runed gate.
 82613 | Zot:5    | Found a huge runed gate.
 82613 | Zot:5    | Found a huge runed gate.
 82613 | Zot:5    | Found a huge runed gate.
 82614 | Zot:5    | Found a huge runed gate.
 82615 | Zot:5    | Found a huge runed gate.
 82615 | Zot:5    | Found a huge runed gate.
 82616 | Zot:5    | Found a huge runed gate.
 82617 | Zot:5    | Found a huge runed gate.
 82618 | Zot:5    | Found a huge runed gate.
 82619 | Zot:5    | Found a huge runed gate.
 82620 | Zot:5    | Found a huge runed gate.
 82621 | Zot:5    | Found a huge runed gate.
 82685 | Zot:5    | Found a huge runed gate.
 82692 | Zot:5    | Found a huge runed gate.
 82692 | Zot:5    | Found a huge runed gate.
 82692 | Zot:5    | Found a huge runed gate.
 82692 | Zot:5    | Found a huge runed gate.
 82692 | Zot:5    | Found a huge runed gate.
 82692 | Zot:5    | Found a huge runed gate.
 82693 | Zot:5    | Found a huge runed gate.
 82694 | Zot:5    | Found a huge runed gate.
 82695 | Zot:5    | Found a huge runed gate.
 82704 | Zot:5    | Found a huge runed gate.
 82704 | Zot:5    | Found a huge runed gate.
 82704 | Zot:5    | Found a huge runed gate.
 82704 | Zot:5    | Found a huge runed gate.
 82704 | Zot:5    | Found a huge runed gate.
 82704 | Zot:5    | Found a huge runed gate.
 82705 | Zot:5    | Found a huge runed gate.
 82706 | Zot:5    | Found a huge runed gate.
 82707 | Zot:5    | Found a huge runed gate.
 82715 | Zot:5    | Found a huge runed gate.
 82715 | Zot:5    | Found a huge runed gate.
 82715 | Zot:5    | Found a huge runed gate.
 83239 | Zot:5    | Noticed a dread lich
 83239 | Zot:5    | Noticed a dread lich
 83240 | Zot:5    | nope
 83479 | Zot:5    | Reached skill level 27 in Necromancy
 83836 | Zot:5    | Reached skill level 5 in Dodging
 83837 | Zot:5    | Noticed an orb of fire
 83839 | Zot:5    | Gained mutation: Armour fits poorly on your strangely
                  | shaped body. [an orb of fire]
 83840 | Zot:5    | Killed an orb of fire
 84008 | Zot:4    | Reached skill level 5 in Stealth
 84008 | Zot:4    | Reached skill level 5 in Evocations
 84121 | Zot:5    | Noticed a dread lich
 84139 | Zot:5    | Killed a dread lich
 84989 | Zot:5    | Noticed an orb of fire
 84997 | Zot:5    | Killed an orb of fire
 85366 | Zot:5    | Noticed an orb of fire
 85370 | Zot:5    | Killed an orb of fire
 85651 | Zot:5    | Lost mutation: Armour fits poorly on your strangely shaped
                  | body. [potion of mutation]
 85651 | Zot:5    | Gained mutation: You sometimes lose your temper in combat.
                  | [potion of mutation]
 85651 | Zot:5    | Gained mutation: Armour fits poorly on your strangely
                  | shaped body. [potion of mutation]
 85651 | Zot:5    | Gained mutation: You have a pair of small horns on your
                  | head. [potion of mutation]
 85651 | Zot:5    | Gained mutation: Your movements are slightly less
                  | encumbered by armour. (ER -2) [potion of mutation]
 85652 | Zot:5    | Lost mutation: Armour fits poorly on your strangely shaped
                  | body. [potion of mutation]
 85652 | Zot:5    | Lost mutation: You sometimes lose your temper in combat.
                  | [potion of mutation]
 85652 | Zot:5    | Gained mutation: Your muscles are strong. (Str +4, Int/Dex
                  | -1) [potion of mutation]
 85652 | Zot:5    | Gained mutation: A frigid envelope surrounds you and
                  | freezes all who hurt you. [potion of mutation]
 85652 | Zot:5    | Gained mutation: You expend magic power (3 MP) to
                  | strengthen your wands. [potion of mutation]
 85655 | Zot:5    | Got the Orb of Zot
 85727 | Zot:4    | Reached XP level 27. HP: 214/214 MP: 40/44
 85759 | Zot:1    | Noticed Zigem the pandemonium lord
 85762 | Zot:1    | Gained mutation: Armour fits poorly on your strangely
                  | shaped body. [a cacodemon]
 85842 | Depths:1 | Noticed Buriqofomm the pandemonium lord
 85845 | Depths:1 | Killed Buriqofomm the pandemonium lord
 86207 | D:$      | Escaped with the Orb!

Illustrated notes #.........(.+ #...........# #...........# #.>.........# #...........# ######'###+## #.# ##. #.###..... #.@.....# #..####.# #..# #..# #..# #..# #### Turn 69454 on Depths:1: mkay

##..++++++++++....##..#...
#...+++Dpqp+++....##..##~~
#...+++pzDy+++............
#...+++LDDq+++.........~~~
##...+++qpLD+++............
#....++++++++++..)......#.~
#.#..++++++++++......##.#.#
#.#..++++++++++......##+###
#.#.......@..........#.....
#######.#..................#.....
.....##.########....)....#.#....⌠
####⌠.#......###<........#.......
...##.#........'.................
⌠.⌠.#.#........#....###.........#
.<..[.#####....#....###.........+
⌠.⌠.#†#####....#....###..⌠......#
...##.##............####........#


Turn 83240 on Zot:5: nope

Levels and vault maps discovered:
D:1:      lemuel_arrival_behind_the_door_small, layout_rooms,
          dreamdust_mushroom_princess, nrook_mini_backslash, minmay_3d_cube
D:2:      layout_rooms, shapermc_ecumenical_altar_ellora
D:3:      layout_basic, hellmonk_no_cap
D:4:      kb_forest_paths, layout_basic, nicolae_shop_clearance
D:5:      layout_basic
D:6:      layout_basic, mainiacjoe_overflow_six_doors_small, nicolae_the_louvre
D:7:      layout_basic, gammafunk_temple_overflow_statue, enter_bailey_5,
          st_stairs_14, dreamdust_gnoll_shepherd
D:8:      layout_rooms, uniq_amaemon, uniq_prince_ribbit1, uniq_joseph,
          uniq_maurice, uniq_pikel
D:9:      layout_roguey, due_lair_maze_entry_diamond, david_orc_3,
          gammafunk_ghost_nasty_kobolds
D:10:     bobbens_index_wilting_gardens, layout_loops_corners,
          nemelex_spade_bored_becter
D:11:     layout_layer_cave, st_stairs_11
D:12:     minmay_the_grid_square_5x5_5x5_mashed
          [minmay_the_grid_square_5x5_two_walls_a,
          minmay_the_grid_square_5x5_gyroscope,
          minmay_the_grid_square_5x5_broken_cross,
          minmay_the_grid_square_5x5_tetrominoes,
          minmay_the_grid_square_5x5_beaten_path,
          minmay_the_grid_square_5x5_inset,
          minmay_the_grid_square_5x5_prize_pseudospiral,
          minmay_the_grid_square_5x5_intrusive_squares,
          minmay_the_grid_square_5x5_prize_open,
          minmay_the_grid_square_5x5_checkered,
          minmay_the_grid_square_5x5_corner, minmay_the_grid_square_5x5_bridge,
          minmay_the_grid_square_5x5_prize_snowflake,
          minmay_the_grid_square_5x5_minimal, minmay_the_grid_square_5x5_v,
          minmay_the_grid_square_5x5_minivault,
          minmay_the_grid_square_5x5_prize_itemx,
          minmay_the_grid_square_5x5_inner_z,
          minmay_the_grid_square_5x5_prize_junk,
          minmay_the_grid_square_5x5_comb, minmay_the_grid_square_5x5_seven,
          minmay_the_grid_square_5x5_n, minmay_the_grid_square_5x5_detours,
          minmay_the_grid_square_5x5_pentomino_r,
          minmay_the_grid_square_5x5_shrine1], layout_stronghold, serial_shops,
          nicolae_square_shop, uniq_kirke
D:13:     minmay_inside_and_out, layout_loops_ring, ximxim_vaults_locker_room,
          gauntlet_entry_generic, kennysheep_generic_room_11
D:14:     layout_roguey, bloody_trog, serial_curves, eino_curves_03,
          eino_curves_02, nicolae_fountain_basement, uniq_snorg
D:15:     grunt_enter_depths_snipers, layout_irregular_city, bloody_makhleb,
          uniq_agnes, uniq_azrael, uniq_louise
Temple:   compressed_dpeg_circular_temple
Lair:1:   layout_big_grid, grunt_megastairs_2
Lair:2:   layout_roguey, alex1729_swamp_entry_worm_eleionoma,
          nicolae_quartered_pool_super
Lair:3:   nzn_winding_woodlands_small [nzn_winding_woodlands_5x15_cabin,
          nzn_winding_woodlands_center_garden,
          nzn_winding_woodlands_5x15_lazy_stream], layout_gridlike,
          dummy_snake_entry
Lair:4:   layout_small_grid, slime_entry_1, pond
Lair:5:   wormcave, layout_regular_city, uniq_urug
Swamp:1:  layout_falls_marsh, nicolae_swamp_well_well_well,
          nicolae_swamp_nymph_family_reunion
Swamp:2:  cheibrodos_swamp_heart_of_darkness, layout_basic_swamp,
          nicolae_swamp_treefoil, swamp_pool_1_2
Swamp:3:  layout_basic_swamp, evilmike_swamp_ruin_house_5, st_shrine_of_shade
Swamp:4:  swamp_basic_johnstein, layout_basic_swamp, uniq_nikola
Snake:1:  layout_cave_pods, gammafunk_ghost_berserking_beasts,
          nicolae_snake_biting_tails, minmay_shop_star
Snake:2:  layout_misc_corridors, uniq_vashnia
Snake:3:  layout_cave_town, nicolae_integral_box
Snake:4:  hellmonk_snake_rune_quicksilver_temple, layout_cave_town,
          guppyfry_snake_island, uniq_asterion
Orc:1:    nicolae_orc_accident_3, layout_caves, uniq_sonja
Orc:2:    st_orc_mages, layout_diamond_mine, maelrawn_ghost_gauntlet_escape,
          serial_shops, shop_coins, nicolae_square_shop,
          nicolae_shop_statue_plus, uniq_nessos
Elf:1:    elf_arrival_001, layout_loops_corners, hangedman_elf_disciples
Elf:2:    nicolae_elf_blades_crystal_corner, layout_geoelf_diagonals,
          minmay_shoptagon
Elf:3:    elf_hall_gauntlet_narrow, layout_loops_cross, hellmonk_ghost_big_iron,
          nicolae_letterblocks [nicolae_letter_subblock,
          nicolae_letter_subblock, nicolae_letter_subblock,
          nicolae_letter_subblock, nicolae_letter_subblock,
          nicolae_letter_subblock, nicolae_letter_subblock,
          nicolae_letter_subblock, nicolae_letter_subblock,
          nicolae_letter_subblock, nicolae_letter_subblock,
          nicolae_letter_subblock, nicolae_letter_subblock,
          nicolae_letter_subblock, nicolae_letter_subblock,
          nicolae_letter_subblock, nicolae_letter_subblock,
          nicolae_letter_subblock, nicolae_letter_subblock,
          nicolae_letter_subblock, nicolae_letter_subblock,
          nicolae_letter_subblock, nicolae_letter_subblock,
          nicolae_letter_subblock, nicolae_letter_subblock]
Vaults:1: nicolae_vaults_tetromino_L_1, grunt_vaults_swirl,
          nicolae_vaults_doubleplus_tesselated, ontoclasm_vaults_eye,
          nicolae_vaults_variable_pillar_hall, nicolae_vaults_c_with_doors,
          nicolae_vaults_asterisk, nicolae_vaults_circle_grid_b, v_rooms_2,
          vaults_room_grunt_arrival_ludios, nicolae_vaults_trapezoid_lopsided_3,
          nicolae_vaults_alarming, layout_vaults_ring, serial_shops,
          nicolae_square_shop
Vaults:2: vaults_dpeg_hooks, nicolae_vaults_tetromino_T_1,
          nicolae_vaults_shipping_containers_6, hangedman_vaults_variations,
          nicolae_vaults_circle_grid_b, nicolae_vaults_sesquioval_fish,
          grunt_vaults_diagonal, nicolae_vaults_double_plus_2,
          nicolae_vaults_rhombus_5, nicolae_vaults_little_squares_3,
          layout_vaults_omnicross, serial_shops, nicolae_shop_drivethru,
          nicolae_shop_rolling_square, nicolae_square_shop, shop,
          nicolae_shop_crystal, uniq_boris, uniq_zenata, uniq_xtahua
Vaults:3: nicolae_vaults_storage_closets_2, v_misc_29, hangedman_vaults_nodes,
          nicolae_vaults_house_1, nicolae_vaults_rhombus_7, v_misc_13,
          blue_anna_dwarven_crypt, nicolae_vaults_house_1,
          ontoclasm_vaults_gateway, layout_vaults_chaotic_city
Vaults:4: nicolae_vaults_border_crossing, v_rooms_4, ontoclasm_vaults_twist,
          hangedman_vaults_river_flow, hangedman_vaults_nails, st_cells,
          v_misc_2, nicolae_vaults_taking_the_gang_shopping,
          layout_vaults_omnigrid, serial_shops, shop
Vaults:5: uniq_margery
Crypt:1:  layout_regular_city, grunt_ministairs_12, lemuel_upstairs_altar,
          uniq_mennas
Crypt:2:  layout_chaotic_city, basic_altar
Crypt:3:  church_of_pain_bobbens, layout_chaotic_city
Depths:1: minmay_shoctagon, layout_gridlike, nrook_mini_vaults, hellmouth_2,
          nicolae_shop_fire_sale [nicolae_sub_dead_trees], fedhas_altar_1,
          kennysheep_random_hallway, uniq_mara
Depths:2: nooodl_glass_maze, layout_cross, rand_demon_pan_entry_7, hell_entry,
          chequers_serial_rivers_micro_c
Depths:3: grunt_runaround [grunt_runaround_doors_1, grunt_runaround_doors_2,
          grunt_runaround_doors_3, grunt_runaround_doors_4,
          grunt_runaround_loot], hell_entry, abyss_entry
Depths:4: grunt_crosshair, layout_cave_shapes, enter_ziggurat_e,
          abyss_entry_crystal, hell_entry, minmay_misc_feat_columns,
          serial_shops, shop_fountains, special_room [special_room_jelly],
          glass_columns_b, infiniplex_staircase_pool_lava
Zot:1:    layout_gridlike, gammafunk_ghost_cemetery, basic_altar
Zot:2:    layout_misc_corridors
Zot:3:    layout_concentric_octagons, grunt_ministairs_2,
          regret_index_zotdec_twisting_globes, lemuel_elevator
Zot:4:    circus_mu, layout_basic, bh_zot_ikea_curve, uniq_parghit
Zot:5:    layout_basic, regret_index_zotdec_zees, grunt_ministairs_11,
          door_vault

Skill      XL: |  1  2  3  4  5  6  7  8  9 10 11 12 13 14 15 16 17 18 19 20 21 22 23 24 25 26 27 |
---------------+----------------------------------------------------------------------------------+-----
Conjurations   | 1 2 3 4 5 7 8 9 10 | 10.0
Fighting       | 1 6 7 8 10 11 12 13 14 16 17 | 17.0
Air Magic      | 4 5 7 9 10 12 14 15 17 18 19 20 | 20.0
Spellcasting   | 3 6 7 9 10 11 12 13 14 16 17 | 17.0
Poison Magic   | 4 5 |  5.0
Evocations     | 4 6 7 |  7.0
Summonings     | 2 4 |  4.0
Transmutations | 2 7 8 9 10 | 10.0
Necromancy     | 1 3 5 7 10 15 20 24 27 | 27.0
Fire Magic     | 2 9 11 12 13 14 15 | 15.0
Shields        | 1 4 5 7 |  7.4
Armour         | 3 4 5 7 |  7.0
Dodging        | 4 7 8 |  8.0
Earth Magic    | 6 7 |  7.0
Translocations | 4 5 7 |  7.0
Throwing       | 3 6 |  6.0
Stealth        | 9 |  9.9

Action                     |  1- 3 |  4- 6 |  7- 9 | 10-12 | 13-15 | 16-18 | 19-21 | 22-24 | 25-27 || total
---------------------------+-------+-------+-------+-------+-------+-------+-------+-------+-------++-------
  Melee: Unarmed           |     4 |       |       |       |       |       |       |       |       ||     4
         Dagger            |     9 |     9 |     2 |       |       |       |       |       |       ||    20
         Bite              |     2 |     1 |     7 |    18 |     5 |     1 |     2 |       |       ||    36
         Punch             |     1 |       |       |       |       |       |       |       |       ||     1
         Quarterstaff      |       |       |    34 |   118 |     3 |       |       |       |       ||   155
         Staff             |       |       |       |       |    26 |     4 |     4 |       |     1 ||    35
   Cast: Shock             |    97 |    86 |    73 |   140 |       |       |       |       |       ||   396
         Static Discharge  |       |     7 |    18 |    23 |       |       |       |       |       ||    48
         Airstrike         |       |       |    23 |    92 |    18 |    13 |    68 |     6 |       ||   220
         Mephitic Cloud    |       |       |     4 |     7 |       |       |       |       |       ||    11
         Summon Lightning  |       |       |       |     9 |       |       |       |       |       ||     9
         Arcjolt           |       |       |       |    46 |    33 |    34 |       |    30 |       ||   143
         Irradiate         |       |       |       |    44 |    49 |    53 |    28 |    40 |    27 ||   241
         Plasma Beam       |       |       |       |       |   442 |   510 |   597 |   788 |   559 ||  2896
         Sublimation of Bl |       |       |       |       |       |   118 |    99 |   163 |    89 ||   469
         Fireball          |       |       |       |       |       |    16 |     9 |       |       ||    25
         Dispel Undead     |       |       |       |       |       |       |     1 |     9 |    10 ||    20
         Maxwell's Capacit |       |       |       |       |       |       |     5 |     8 |    15 ||    28
         Lee's Rapid Decon |       |       |       |       |       |       |       |    17 |     2 ||    19
         Iskenderun's Myst |       |       |       |       |       |       |       |     2 |     1 ||     3
  Evoke: Wand              |       |       |     2 |    11 |    17 |       |     6 |     1 |    20 ||    57
         Lightning rod     |       |       |       |       |     4 |     7 |     4 |       |       ||    15
         Box of beasts     |       |       |       |       |     1 |       |       |       |       ||     1
         Phial of floods   |       |       |       |       |     1 |       |       |       |       ||     1
         Phantom mirror    |       |       |       |       |       |       |     1 |       |     1 ||     2
    Use: Potion            |       |     1 |     4 |     1 |       |     3 |       |     2 |     9 ||    20
         Scroll            |       |     6 |     5 |    10 |    19 |     9 |     8 |    13 |     8 ||    78
   Stab: Sleeping          |       |     1 |     1 |     3 |       |       |       |       |       ||     5
         Confused          |       |       |     8 |     2 |       |       |       |       |       ||    10
         Distracted        |       |       |       |     2 |       |       |       |       |       ||     2
 Armour: Robe              |    14 |    32 |    26 |       |       |       |       |       |       ||    72
         Steam dragon scal |       |       |    40 |   245 |    36 |       |       |       |       ||   321
         Troll leather arm |       |       |       |       |   109 |   226 |    38 |       |       ||   373
         Leather armour    |       |       |       |       |       |       |    81 |   199 |   195 ||   475
  Dodge: Dodged            |    13 |    20 |    62 |   189 |   102 |    71 |    23 |    69 |    51 ||   600
  Block: Buckler           |       |       |       |       |    40 |    40 |       |       |       ||    80
         Kite shield       |       |       |       |       |       |     2 |    82 |   184 |    81 ||   349
         Reflection        |       |       |       |       |       |     1 |    35 |     9 |     8 ||    53

Table legend: (Time is in decaauts)
 A = Elapsed time spent in this place.
 B = Non-inter-level travel time spent in this place.
 C = Inter-level travel time spent in this place.
 D = Time resting spent in this place.
 E = Time spent auto-exploring this place.
 F = Levels seen in this place.
 G = Mean time per level.
                   A        B        C        D        E       F      G
               +--------+--------+--------+--------+--------+-----+--------+
         Total |  86382 |  76697 |   9685 |  17263 |  47075 |  53 | 1629.8 |
       Dungeon |  31006 |  26775 |   4231 |   4194 |  19058 |  15 | 2067.1 |
        Temple |     18 |     18 |      0 |      0 |      0 |   1 |   18.0 |
          Lair |   8476 |   7695 |    781 |   1708 |   5126 |   5 | 1695.2 |
         Swamp |   4722 |   4527 |    195 |   2034 |   1943 |   4 | 1180.5 |
     Snake Pit |   6237 |   5966 |    271 |   1281 |   3695 |   4 | 1559.2 |
  Orcish Mines |   3854 |   2661 |   1193 |    315 |   1763 |   2 | 1927.0 |
   Elven Halls |   4967 |   4604 |    363 |   1548 |   2186 |   3 | 1655.7 |
        Vaults |   9273 |   7732 |   1541 |   1476 |   4799 |   5 | 1854.6 |
         Crypt |   4536 |   4175 |    361 |   1144 |   2272 |   3 | 1512.0 |
        Depths |   4851 |   4338 |    513 |    516 |   2773 |   4 | 1212.8 |
           Zot |   7332 |   7101 |    231 |   2644 |   3165 |   5 | 1466.4 |
        Bailey |    595 |    595 |      0 |    302 |     19 |   1 |  595.0 |
      Gauntlet |    508 |    508 |      0 |    100 |    275 |   1 |  508.0 |
               +--------+--------+--------+--------+--------+-----+--------+

Top non-repeatable levels by time:
    D:12: 4487 daAuts
    D:11: 3809 daAuts
    D:10: 3802 daAuts
   Zot:5: 3202 daAuts
     D:9: 2737 daAuts
   Orc:2: 2643 daAuts
Vaults:5: 2625 daAuts
   Zot:4: 2485 daAuts
    D:13: 2368 daAuts
  Lair:5: 2337 daAuts
 Snake:4: 2330 daAuts
 Crypt:3: 2194 daAuts
 Swamp:4: 2147 daAuts
   Elf:3: 2097 daAuts
Vaults:1: 1846 daAuts
